General information
- name: BNet
- type: Ladder team game (AT/RT)
- host: Battle.net
- saver: DerFuhrerDrumpf
map: DragonFalls
- players: 8
- length: 51:20
- speed: Fast
- version: 1.27 W3XP
- replay type: Public
» download(297 KB)
Players
team 1 (loser)

»
FukModrnCountry (
yellow | 72 APM | 1543 actions | 21:25)
4 Death Knight
2 Death Coil
2 Unholy Aura
3 Lich
2 Frost Nova
1 Frost Armor
2 Crypt Lord
1 Impale
1 Spiked Carapace
» actions
| Assign group hotkey | 31 | |
| Basic commands | 67 | |
| Build / train | 71 | |
| Enter build submenu | 26 | |
| Enter hero's abilities submenu | 10 | |
| Give item / drop item | 4 | |
| Remove unit from queue | 2 | |
| Right click | 467 | |
| Select / deselect | 271 | |
| Select group hotkey | 488 | |
| Use ability | 106 | |
1543 total
» units
| Acolyte | 8 | |
| Ghoul | 6 | |
| Crypt Fiend | 5 | |
| Goblin Shredder | 1 | |
| Goblin Zeppelin | 1 | |
| Obsidian Statue | 3 | |
| Frost Wyrm | 2 | |
26 total
» upgrades
| Creature Attack | 3 | |
| Web | 1 | |
| Ghoul Frenzy | 1 | |
| Freezing Breath | 1 | |
| Creature Carapace | 2 | |
8 total
» buildings
| Graveyard | 1 | |
| Crypt | 1 | |
| Altar of Darkness | 1 | |
| Ziggurat | 11 | |
| Tomb of Relics | 1 | |
| Halls of the Dead | 1 | |
| Necropolis | 4 | |
| Black Citadel | 1 | |
| Spirit Tower | 4 | |
| Sacrificial Pit | 1 | |
| Nerubian Tower | 1 | |
| Boneyard | 2 | |
| Slaughterhouse | 1 | |
30 total
» build order
00:13 Graveyard
00:20 Crypt
00:52 Altar of Darkness
01:07 Ziggurat
01:46 Tomb of Relics
02:10 Ziggurat
03:52 Halls of the Dead
04:17 Ziggurat
05:27 Necropolis
05:35 Necropolis
06:29 Ziggurat
06:51 Ziggurat
08:01 Black Citadel
08:19 Spirit Tower
08:21 Spirit Tower
08:25 Ziggurat
09:00 Ziggurat
09:02 Ziggurat
09:07 Sacrificial Pit
10:01 Nerubian Tower
10:02 Spirit Tower
10:27 Ziggurat
10:35 Boneyard
11:22 Slaughterhouse
11:24 Boneyard
11:29 Spirit Tower
12:12 Necropolis
12:13 Necropolis
17:24 Ziggurat
17:25 Ziggurat
» items
| Rod of Necromancy | 3 | |
| Dust of Appearance | 1 | |
| Sacrificial Skull | 1 | |
| Scroll of Regeneration | 2 | |
| Mechanical Critter | 2 | |
| Lesser Clarity Potion | 1 | |
| Scroll of Protection | 1 | |
| Scroll of Healing | 2 | |
| Potion of Lesser Invulnerability | 1 | |
| Scroll of Town Portal | 1 | |
| Orb of Corruption | 1 | |
16 total

»
FallOnYourSword (
blue | 53 APM | 2741 actions | 51:20)
2 Far Seer
1 Feral Spirit
1 Chain Lighting
2 Tauren Chieftain
1 Endurance Aura
1 War Stomp
» actions
| Assign group hotkey | 45 | |
| Basic commands | 298 | |
| Build / train | 64 | |
| ESC pressed | 5 | |
| Enter build submenu | 27 | |
| Enter hero's abilities submenu | 4 | |
| Right click | 806 | |
| Select / deselect | 632 | |
| Select group hotkey | 740 | |
| Use ability | 120 | |
2741 total
» units
| Peon | 19 | |
| Tauren | 11 | |
| Shaman | 4 | |
| Troll Witch Doctor | 5 | |
39 total
» upgrades
| Shaman Training | 2 | |
| Witch Doctor Training | 2 | |
| Pulverize | 1 | |
5 total
» buildings
| Altar of Storms | 1 | |
| Orc Burrow | 8 | |
| Voodoo Lounge | 1 | |
| Stronghold | 2 | |
| War Mill | 1 | |
| Fortress | 1 | |
| Spirit Lodge | 2 | |
| Tauren Totem | 2 | |
| Necropolis | 1 | |
| Ziggurat | 5 | |
| Crypt | 2 | |
| Altar of Darkness | 1 | |
| Tomb of Relics | 1 | |
28 total
» build order
00:07 Altar of Storms
00:20 Orc Burrow
00:57 Voodoo Lounge
02:34 Stronghold
02:35 Stronghold
02:47 War Mill
04:56 Fortress
05:13 Spirit Lodge
05:51 Spirit Lodge
05:58 Orc Burrow
05:59 Orc Burrow
07:19 Tauren Totem
07:20 Tauren Totem
07:36 Orc Burrow
11:59 Orc Burrow
13:04 Orc Burrow
14:15 Orc Burrow
16:36 Orc Burrow
31:04 Necropolis
31:34 Ziggurat
31:36 Ziggurat
31:38 Crypt
31:47 Crypt
31:49 Ziggurat
31:52 Ziggurat
32:15 Ziggurat
32:18 Altar of Darkness
32:21 Tomb of Relics
» items
| Lesser Clarity Potion | 4 | |
| Healing Salve | 1 | |
| Scroll of Speed | 1 | |
| Potion of Mana | 1 | |
| Tiny Great Hall | 1 | |
| Scroll of Town Portal | 1 | |
9 total
DerFuhrerDrumpf (
orange | 86 APM | 4398 actions | 51:20)
7 Archmage
3 Summon Water Elemental
3 Brilliance Aura
1 Mass Teleport
» actions
| Assign group hotkey | 152 | |
| Basic commands | 189 | |
| Build / train | 133 | |
| ESC pressed | 25 | |
| Enter build submenu | 46 | |
| Enter hero's abilities submenu | 7 | |
| Give item / drop item | 15 | |
| Right click | 1617 | |
| Select / deselect | 626 | |
| Select group hotkey | 1261 | |
| Use ability | 327 | |
4398 total
» units
| Peasant | 13 | |
| Footman | 4 | |
| Goblin Shredder | 1 | |
| Goblin Zeppelin | 2 | |
| Mortar Team | 2 | |
| Sorceress | 2 | |
| Goblin Sapper | 2 | |
| Gryphon Rider | 9 | |
| Dragonhawk Rider | 2 | |
| Green Dragon | 3 | |
40 total
» upgrades
| Gunpowder | 3 | |
| Masonry | 3 | |
| Sorceress Training | 2 | |
| Fragmentation Shards | 2 | |
| Armor | 2 | |
| Storm Hammers | 1 | |
| Cloud | 1 | |
| Lumber Harvesting | 1 | |
| Animal War Training | 1 | |
| Swords | 3 | |
| Backpack | 1 | |
20 total
» buildings
| Barracks | 1 | |
| Altar of Kings | 1 | |
| Farm | 11 | |
| Arcane Vault | 1 | |
| Town Hall | 3 | |
| Keep | 3 | |
| Scout Tower | 16 | |
| Blacksmith | 1 | |
| Lumber Mill | 1 | |
| Guard Tower | 29 | |
| Castle | 4 | |
| Workshop | 3 | |
| Arcane Sanctum | 1 | |
| Gryphon Aviary | 3 | |
78 total
» build order
00:50 Barracks
00:51 Altar of Kings
00:56 Farm
01:00 Farm
01:05 Farm
01:46 Farm
02:06 Arcane Vault
03:58 Town Hall
04:51 Keep
04:52 Keep
04:52 Keep
05:09 Scout Tower
05:10 Scout Tower
05:11 Scout Tower
06:08 Scout Tower
06:09 Scout Tower
06:10 Scout Tower
06:13 Blacksmith
06:36 Lumber Mill
07:27 Guard Tower
08:15 Castle
08:15 Castle
08:15 Castle
09:26 Workshop
09:30 Workshop
09:31 Workshop
09:43 Arcane Sanctum
09:51 Guard Tower
12:10 Farm
13:20 Farm
13:23 Farm
13:25 Farm
13:27 Farm
13:28 Farm
14:11 Gryphon Aviary
14:16 Gryphon Aviary
14:18 Gryphon Aviary
23:58 Scout Tower
23:59 Scout Tower
24:00 Scout Tower
24:01 Scout Tower
24:04 Scout Tower
24:05 Scout Tower
24:06 Scout Tower
24:33 Guard Tower
24:33 Guard Tower
24:33 Guard Tower
24:35 Guard Tower
24:35 Guard Tower
24:36 Guard Tower
24:36 Guard Tower
24:36 Guard Tower
26:21 Guard Tower
26:21 Guard Tower
26:22 Guard Tower
26:22 Guard Tower
28:48 Farm
33:44 Town Hall
42:30 Town Hall
44:38 Scout Tower
44:39 Scout Tower
44:41 Scout Tower
45:07 Guard Tower
45:07 Guard Tower
45:08 Guard Tower
45:08 Guard Tower
45:08 Guard Tower
45:08 Guard Tower
45:09 Guard Tower
45:09 Guard Tower
45:09 Guard Tower
» items
| Scroll of Regeneration | 7 | |
| Mechanical Critter | 3 | |
| Lesser Clarity Potion | 2 | |
| Staff of Teleportation | 1 | |
| Periapt of Vitality | 1 | |
| Potion of Lesser Invulnerability | 1 | |
| Scroll of Town Portal | 2 | |
| Staff of Sanctuary | 1 | |
18 total
Cthulu_Mythos (
green | 49 APM | 1405 actions | 28:36)
6 Dark Ranger
2 Black Arrow
3 Silence
1 Charm
4 Priestess of the Moon
2 Trueshot Aura
2 Searing Arrows
» actions
| Assign group hotkey | 30 | |
| Basic commands | 80 | |
| Build / train | 87 | |
| Enter build submenu | 21 | |
| Enter hero's abilities submenu | 10 | |
| Right click | 385 | |
| Select / deselect | 426 | |
| Select group hotkey | 314 | |
| Use ability | 52 | |
1405 total
» units
| Wisp | 28 | |
| Archer | 9 | |
| Hippogryph | 6 | |
| Goblin Zeppelin | 1 | |
| Chimaera | 3 | |
| Green Dragon | 1 | |
| Green Drake | 1 | |
49 total
» upgrades
| Improved Bows | 1 | |
| Hippogryph Taming | 1 | |
| Strength of the Moon | 3 | |
| Moon Armor | 3 | |
| Marksmanship | 1 | |
| Nature's Blessing | 1 | |
| Reinforced Hides | 3 | |
| Corrosive Breath | 1 | |
| Strength of the Wild | 2 | |
| Well Spring | 1 | |
| Ultravision | 1 | |
18 total
» buildings
| Moon Well | 8 | |
| Ancient of War | 1 | |
| Altar of Elders | 1 | |
| Tree of Ages | 1 | |
| Hunter's Hall | 1 | |
| Tree of Life | 3 | |
| Ancient of Wind | 2 | |
| Tree of Eternity | 1 | |
| Ancient of Wonders | 1 | |
| Chimaera Roost | 3 | |
22 total
» build order
00:33 Moon Well
00:48 Ancient of War
01:27 Moon Well
01:43 Altar of Elders
02:53 Tree of Ages
03:40 Moon Well
04:14 Hunter's Hall
05:10 Tree of Life
05:26 Ancient of Wind
05:27 Ancient of Wind
07:06 Moon Well
07:09 Tree of Eternity
07:54 Ancient of Wonders
09:28 Moon Well
09:32 Moon Well
11:19 Chimaera Roost
11:42 Chimaera Roost
11:43 Chimaera Roost
15:08 Moon Well
15:10 Moon Well
25:03 Tree of Life
25:11 Tree of Life
» items
| Scroll of Regeneration | 1 | |
| Moonstone | 1 | |
| Staff of Preservation | 1 | |
| Scroll of Town Portal | 2 | |
5 total
team 2 (winner)

»
Spaceman.Spiff (
pink | 103 APM | 1566 actions | 15:13)
4 Shadow Hunter
2 Hex
2 Healing Wave
2 Tauren Chieftain
1 War Stomp
1 Endurance Aura
» actions
| Assign group hotkey | 83 | |
| Basic commands | 155 | |
| Build / train | 58 | |
| ESC pressed | 3 | |
| Enter build submenu | 18 | |
| Enter hero's abilities submenu | 6 | |
| Give item / drop item | 2 | |
| Remove unit from queue | 1 | |
| Right click | 740 | |
| Select / deselect | 253 | |
| Select group hotkey | 170 | |
| Use ability | 77 | |
1566 total
» units
| Peon | 13 | |
| Grunt | 5 | |
| Troll Batrider | 6 | |
| Goblin Shredder | 2 | |
| Raider | 2 | |
28 total
» upgrades
| Berserker Strength | 1 | |
| Reinforced Defenses | 1 | |
| Ensnare | 1 | |
3 total
» buildings
| Altar of Storms | 1 | |
| Orc Burrow | 4 | |
| Barracks | 1 | |
| Voodoo Lounge | 1 | |
| Stronghold | 3 | |
| War Mill | 1 | |
| Great Hall | 1 | |
| Beastiary | 3 | |
| Fortress | 3 | |
18 total
» build order
00:07 Altar of Storms
00:23 Orc Burrow
00:37 Barracks
01:32 Orc Burrow
02:04 Voodoo Lounge
03:58 Stronghold
03:58 Stronghold
04:01 War Mill
04:05 Orc Burrow
06:53 Great Hall
07:48 Beastiary
07:49 Beastiary
07:53 Beastiary
08:50 Orc Burrow
10:12 Fortress
10:12 Fortress
10:13 Fortress
» items
| Healing Salve | 2 | |
| Lesser Clarity Potion | 2 | |
| Scroll of Speed | 2 | |
| Scroll of Town Portal | 1 | |
7 total

»
Pgor (
teal | 18 APM | 934 actions | 51:20)
6 Mountain King
3 Storm Bolt
2 Bash
1 Avatar
5 Paladin
3 Devotion Aura
1 Divine Shield
1 Holy Light
» actions
| Build / train | 105 | |
| Enter build submenu | 25 | |
| Enter hero's abilities submenu | 12 | |
| Give item / drop item | 1 | |
| Remove unit from queue | 10 | |
| Right click | 387 | |
| Select / deselect | 327 | |
| Use ability | 67 | |
934 total
» units
| Peasant | 15 | |
| Footman | 7 | |
| Knight | 9 | |
| Raider | 3 | |
| Peon | 11 | |
| Grunt | 11 | |
56 total
» upgrades
| Plating | 3 | |
| Swords | 3 | |
| Masonry | 2 | |
| Lumber Harvesting | 2 | |
| Animal War Training | 1 | |
| Armor | 1 | |
| Melee Weapons | 1 | |
| Pillage | 1 | |
14 total
» buildings
| Altar of Kings | 1 | |
| Farm | 8 | |
| Barracks | 2 | |
| Lumber Mill | 1 | |
| Arcane Vault | 1 | |
| Blacksmith | 1 | |
| Scout Tower | 4 | |
| Keep | 1 | |
| Guard Tower | 3 | |
| Castle | 1 | |
| Town Hall | 1 | |
| Great Hall | 1 | |
| Orc Burrow | 3 | |
| Stronghold | 1 | |
29 total
» build order
00:06 Altar of Kings
00:11 Farm
00:50 Farm
01:16 Barracks
02:26 Barracks
02:33 Lumber Mill
02:39 Farm
03:47 Arcane Vault
03:54 Farm
04:37 Farm
04:59 Blacksmith
05:24 Farm
06:31 Scout Tower
06:34 Scout Tower
07:01 Keep
07:04 Guard Tower
07:07 Scout Tower
07:09 Guard Tower
07:12 Scout Tower
09:08 Guard Tower
09:24 Castle
10:10 Town Hall
14:24 Farm
15:34 Farm
33:03 Great Hall
33:12 Orc Burrow
33:15 Orc Burrow
33:19 Orc Burrow
43:40 Stronghold
» items
| Scroll of Regeneration | 3 | |
| Orb of Fire | 2 | |
| Scroll of Town Portal | 1 | |
6 total
TRUMP-OR-OBAMA (
red | 73 APM | 3770 actions | 51:18)
5 Blademaster
2 Critical Strike
3 Wind Walk
4 Shadow Hunter
2 Hex
2 Healing Wave
» actions
| Assign group hotkey | 36 | |
| Basic commands | 128 | |
| Build / train | 87 | |
| Enter build submenu | 35 | |
| Enter hero's abilities submenu | 9 | |
| Give item / drop item | 5 | |
| Remove unit from queue | 3 | |
| Right click | 1639 | |
| Select / deselect | 409 | |
| Select group hotkey | 1188 | |
| Use ability | 231 | |
3770 total
» units
| Peon | 12 | |
| Grunt | 3 | |
| Goblin Shredder | 5 | |
| Wind Rider | 10 | |
| Troll Batrider | 8 | |
| Goblin Sapper | 5 | |
| Goblin Zeppelin | 6 | |
49 total
» upgrades
| Ranged Weapons | 2 | |
| Armor | 2 | |
| Reinforced Defenses | 1 | |
| Envenomed Spears | 1 | |
| Liquid Fire | 1 | |
7 total
» buildings
| Altar of Storms | 1 | |
| Orc Burrow | 9 | |
| Barracks | 1 | |
| Voodoo Lounge | 1 | |
| Stronghold | 1 | |
| Great Hall | 1 | |
| War Mill | 1 | |
| Watch Tower | 31 | |
| Beastiary | 4 | |
| Fortress | 1 | |
51 total
» build order
00:07 Altar of Storms
00:21 Orc Burrow
00:36 Barracks
01:23 Orc Burrow
02:24 Voodoo Lounge
02:56 Stronghold
03:59 Great Hall
04:22 War Mill
05:23 Orc Burrow
05:56 Watch Tower
05:56 Watch Tower
06:15 Beastiary
07:00 Watch Tower
07:00 Watch Tower
07:02 Fortress
07:17 Beastiary
07:34 Watch Tower
07:34 Watch Tower
07:35 Watch Tower
07:35 Watch Tower
08:20 Watch Tower
08:22 Watch Tower
09:08 Orc Burrow
09:59 Watch Tower
10:03 Watch Tower
11:17 Watch Tower
11:43 Beastiary
11:51 Orc Burrow
12:09 Beastiary
12:36 Watch Tower
12:58 Watch Tower
13:02 Watch Tower
13:50 Orc Burrow
15:35 Watch Tower
15:35 Watch Tower
15:36 Watch Tower
15:54 Orc Burrow
15:55 Orc Burrow
18:24 Orc Burrow
19:07 Watch Tower
19:08 Watch Tower
19:08 Watch Tower
19:40 Watch Tower
19:40 Watch Tower
21:14 Watch Tower
21:14 Watch Tower
21:15 Watch Tower
28:32 Watch Tower
28:32 Watch Tower
28:33 Watch Tower
28:33 Watch Tower
» items
| Healing Salve | 3 | |
| Scroll of Town Portal | 4 | |
| Staff of Teleportation | 2 | |
| Orb of Lightning | 2 | |
| Potion of Lesser Invulnerability | 1 | |
| Tiny Great Hall | 2 | |
14 total

»
chucktown (
purple | 29 APM | 1492 actions | 51:06)
6 Death Knight
2 Death Coil
3 Unholy Aura
1 Animate Dead
» actions
| Basic commands | 10 | |
| Build / train | 88 | |
| Enter build submenu | 17 | |
| Enter hero's abilities submenu | 6 | |
| Remove unit from queue | 8 | |
| Right click | 802 | |
| Select / deselect | 524 | |
| Use ability | 37 | |
1492 total
» units
| Acolyte | 13 | |
| Ghoul | 5 | |
| Crypt Fiend | 32 | |
| Gargoyle | 14 | |
64 total
» upgrades
| Creature Attack | 2 | |
| Web | 1 | |
| Burrow | 1 | |
4 total
» buildings
| Ziggurat | 8 | |
| Crypt | 3 | |
| Altar of Darkness | 1 | |
| Graveyard | 1 | |
| Spirit Tower | 4 | |
| Halls of the Dead | 1 | |
18 total
» build order
00:12 Ziggurat
00:21 Crypt
00:44 Altar of Darkness
01:03 Ziggurat
02:09 Graveyard
02:37 Crypt
05:28 Spirit Tower
08:35 Ziggurat
09:16 Ziggurat
11:07 Halls of the Dead
11:47 Spirit Tower
11:50 Spirit Tower
12:20 Ziggurat
17:46 Crypt
17:53 Ziggurat
18:34 Ziggurat
29:50 Ziggurat
33:25 Spirit Tower
Chat log
(00:10 / All) DerFuhrerDrumpf: Drumpf ist mein Führer
(00:15 / All) DerFuhrerDrumpf: Drumpf ist krieg
(00:26 / All) Cthulu_Mythos: lmao
(00:57 / Allies) FukModrnCountry: standard here
(01:21 / All) Cthulu_Mythos: the ethos
(02:15 / All) Cthulu_Mythos: who is drumpf
(02:38 / All) FukModrnCountry: a cunt
(02:39 / All) DerFuhrerDrumpf: mein liebe
(02:55 / All) DerFuhrerDrumpf:
(03:20 / Allies) FukModrnCountry: need help oj?
(03:20 / All) Cthulu_Mythos: damn the nigga has the german letters too
(03:23 / Allies) DerFuhrerDrumpf: I got it but ty
(03:27 / Allies) FukModrnCountry: k
(03:33 / Allies) FukModrnCountry: what you going?
(03:40 / Allies) DerFuhrerDrumpf: dunno
(05:15 / Allies) Cthulu_Mythos: ima roll up in there
(05:20 / Allies) Cthulu_Mythos: witha book of the dead
(05:23 / Allies) FallOnYourSword: brt
(06:05 / Allies) Cthulu_Mythos: lmao
(06:15 / All) Cthulu_Mythos: the ethos
(06:17 / Allies) FallOnYourSword: take out the mine
(07:39 / Allies) FukModrnCountry: may I
(07:40 / Allies) FukModrnCountry: ?
(07:44 / Allies) FukModrnCountry: ty
(08:29 / Allies) FukModrnCountry: gold?
(08:50 / Allies) Cthulu_Mythos: stack that 3k gold
(08:57 / Allies) DerFuhrerDrumpf: I'm saving for units noob
(09:10 / Allies) Cthulu_Mythos: take ur time
(09:12 / Allies) DerFuhrerDrumpf: I know how to budget for the future like mein Führer does
(09:13 / Allies) Cthulu_Mythos: pro
(10:11 / Allies) FukModrnCountry: agaoin
(10:18 / Allies) DerFuhrerDrumpf: one sec
(11:27 / Allies) Cthulu_Mythos: need lumbAr
(11:37 / Allies) Cthulu_Mythos: ty
(11:41 / Allies) FallOnYourSword: np
(12:21 / All) DerFuhrerDrumpf: good timing yellow
(12:29 / All) TRUMP-OR-OBAMA: me thinks yellow mh?
(12:41 / All) FukModrnCountry: hardly
(12:51 / All) DerFuhrerDrumpf: so you only mh a little?
(12:52 / All) FukModrnCountry: who wouldn't check a fucking mine
(12:59 / All) DerFuhrerDrumpf: you ping right as teal expo goes up
(13:02 / All) DerFuhrerDrumpf: go right to teal peasants
(13:08 / All) FukModrnCountry: uh huh
(13:20 / All) TRUMP-OR-OBAMA: why didnt u hijt my towered base when u were chasing teal
(13:35 / All) FukModrnCountry: suspicious much?
(13:45 / All) DerFuhrerDrumpf: therés reason to be
(13:52 / All) DerFuhrerDrumpf: you go right for soft bases
(14:01 / All) FukModrnCountry: what the fuck ever
(14:15 / All) FukModrnCountry: call it 10 years of playing the same game lol
(14:23 / All) DerFuhrerDrumpf: I call it MAPHACKING!
(14:29 / All) FukModrnCountry: call it what you want
(14:38 / All) DerFuhrerDrumpf: You play the game liked Crooked Hillary
(15:13 / All) DerFuhrerDrumpf: Wow, drophacks too
(16:13 / Allies) FukModrnCountry: stop following idiot
(16:16 / Allies) DerFuhrerDrumpf: why
(16:19 / Allies) FukModrnCountry: lazy
(16:20 / Allies) DerFuhrerDrumpf: are you a tker as well as hacker?
(16:24 / Allies) DerFuhrerDrumpf: fine I'll click then
(16:27 / Allies) DerFuhrerDrumpf: if you prefer
(16:29 / Allies) FallOnYourSword: oj can i gave some gold?
(16:30 / Allies) FukModrnCountry: ty
(16:35 / Allies) DerFuhrerDrumpf: I don't give handouts
(16:38 / Allies) DerFuhrerDrumpf: I'm against welfare
(16:50 / Allies) FukModrnCountry: defend?
(16:52 / Allies) FallOnYourSword: well i could have
(17:00 / All) DerFuhrerDrumpf: coulda woulda shoulda
(17:01 / Allies) FallOnYourSword: expanded insted of creating a tech advantage
(17:11 / Allies) FallOnYourSword: and then crippiling the north
(17:35 / Allies) FukModrnCountry: 6891 gold... hmm
(17:43 / Allies) FukModrnCountry: thats really helping
(17:51 / Allies) DerFuhrerDrumpf: I know how to use my money
(17:56 / Allies) FukModrnCountry: cant even bring ur units along?
(18:05 / Allies) FukModrnCountry: you know nothing
(18:17 / Allies) DerFuhrerDrumpf: You know nothing about gold
(18:28 / Allies) DerFuhrerDrumpf: I'm like the Trump of WC3
(18:42 / Allies) DerFuhrerDrumpf: I can turn a small amount of gold into a lot
(18:48 / Allies) DerFuhrerDrumpf: I expand and save, I gain lots of gold
(18:51 / Allies) DerFuhrerDrumpf: and you waste all of yours
(18:56 / Allies) FukModrnCountry: gonna have to break upkeep before the game ends buddy
(19:05 / Allies) DerFuhrerDrumpf: I'm saving for the next game
(19:08 / Allies) FukModrnCountry: before they outmass us
(19:11 / Allies) DerFuhrerDrumpf: going to import my gold
(19:16 / Allies) FallOnYourSword: your hillary and wallstreet
(19:20 / Allies) FallOnYourSword: working for the enemy
(19:46 / All) DerFuhrerDrumpf: Blue tk
(20:15 / All) DerFuhrerDrumpf: Blue is a backstabber
(20:33 / Allies) FukModrnCountry: wow
(20:43 / Allies) FukModrnCountry: ill help ya blue
(20:46 / Allies) FukModrnCountry: at this point
(21:36 / All) DerFuhrerDrumpf: I got a bunch of Clinton supporters on my team
(21:44 / All) DerFuhrerDrumpf: who rely on backstabbing and underhanded methods
(21:53 / All) DerFuhrerDrumpf: they're jealous of my wealth
(21:54 / All) DerFuhrerDrumpf: I earned this
(22:52 / All) FallOnYourSword: ya were working with the white house, the media, and the department of justice, to destroy our nation
(23:16 / All) DerFuhrerDrumpf: You should be banned for doing this
(23:22 / All) DerFuhrerDrumpf: your CD key should be in jail
(23:29 / All) DerFuhrerDrumpf: with all the other CD keys who did things like team kill
(23:37 / All) FallOnYourSword: your such a funny guy
(23:42 / All) FallOnYourSword: hahahhaha
(23:47 / All) DerFuhrerDrumpf: thanks, my mom says so too
(24:25 / All) FallOnYourSword: its a good thing hillarys not married to trump
(24:44 / All) FallOnYourSword: because she would destroy the lives of all these women speaking out about him abusing them
(24:48 / All) DerFuhrerDrumpf: who would want to go near that hag
(24:53 / All) DerFuhrerDrumpf: LOL
(24:57 / All) DerFuhrerDrumpf: Hillary laughs at rape victims
(25:03 / All) DerFuhrerDrumpf: and is married to a rapist
(25:31 / All) FallOnYourSword: i love when women speak out against trump in the name of domestic violance and rape
(25:43 / All) DerFuhrerDrumpf: are you fucking retarded
(25:48 / All) FallOnYourSword: because if hillary was defending the me she would say they did it to themselfs
(26:01 / All) DerFuhrerDrumpf: Bill Clinton is an actual rapist and Hillary Clinton laughs at rape victims of his who try to come forward
(26:10 / All) DerFuhrerDrumpf: Trump has never done anything, nothing in that tape is anything but consensual
(26:20 / All) FallOnYourSword: at the same time being the hero for women
(26:24 / All) FallOnYourSword: its fucking crazy
(26:30 / All) DerFuhrerDrumpf: Hillary isn't a hero for women she just pretends to be
(26:42 / All) DerFuhrerDrumpf: Trump has a very good track record at supporting women
(26:49 / All) DerFuhrerDrumpf: wha the fuck has hillary ever done but talk
(26:53 / All) FallOnYourSword: not to mention they are starting secret organizations to destroy the catholic religion
(26:56 / All) DerFuhrerDrumpf: she supports people like the saudis
(27:08 / All) FallOnYourSword: while saying we need to be more understanding of non terriorist muslums
(27:09 / All) DerFuhrerDrumpf: who don't even let women drive
(27:23 / All) Cthulu_Mythos: CTHULU 2016 - WHY SETTLE FOR THE LESSER EVIL
(27:41 / All) DerFuhrerDrumpf: what don't you like about Trump green
(27:54 / All) Cthulu_Mythos: CTHULU 2016 - WHY SETTLE FOR THE LESSER EVIL
(27:59 / All) Cthulu_Mythos: CTHULU 2016 - WHY SETTLE FOR THE LESSER EVIL CTHULU 2016 - WHY SETTLE FOR THE LESSER EVIL
(28:02 / All) Cthulu_Mythos: CTHULU 2016 - WHY SETTLE FOR THE LESSER EVIL CTHULU 2016 - WHY SETTLE FOR THE LESSER EVIL
(28:05 / All) Cthulu_Mythos: CTHULU 2016 - WHY SETTLE FOR THE LESSER EVIL CTHULU 2016 - WHY SETTLE FOR THE LESSER EVIL
(28:07 / All) Cthulu_Mythos: CTHULU 2016 - WHY SETTLE FOR THE LESSER EVIL CTHULU 2016 - WHY SETTLE FOR THE LESSER EVIL
(28:08 / All) Cthulu_Mythos: CTHULU 2016 - WHY SETTLE FOR THE LESSER EVIL CTHULU 2016 - WHY SETTLE FOR THE LESSER EVIL
(28:10 / All) Cthulu_Mythos: CTHULU 2016 - WHY SETTLE FOR THE LESSER EVIL CTHULU 2016 - WHY SETTLE FOR THE LESSER EVIL
(28:11 / All) Cthulu_Mythos: CTHULU 2016 - WHY SETTLE FOR THE LESSER EVIL CTHULU 2016 - WHY SETTLE FOR THE LESSER EVIL
(28:13 / All) Cthulu_Mythos: CTHULU 2016 - WHY SETTLE FOR THE LESSER EVIL CTHULU 2016 - WHY SETTLE FOR THE LESSER EVIL
(28:15 / All) Cthulu_Mythos: CTHULU 2016 - WHY SETTLE FOR THE LESSER EVIL CTHULU 2016 - WHY SETTLE FOR THE LESSER EVIL
(28:16 / All) Cthulu_Mythos: CTHULU 2016 - WHY SETTLE FOR THE LESSER EVIL CTHULU 2016 - WHY SETTLE FOR THE LESSER EVIL
(28:27 / All) FallOnYourSword: hes a terriorist
(29:37 / Allies) FallOnYourSword: STOP
(29:39 / Allies) FallOnYourSword: WTR
(29:41 / Allies) FallOnYourSword: \WTF
(29:44 / Allies) DerFuhrerDrumpf: you are going to attack me
(29:50 / Allies) FallOnYourSword: NO
(29:54 / Allies) DerFuhrerDrumpf: k, then watch it
(31:59 / Allies) FallOnYourSword: WE WILL MAKE THIS TEAM GREAT AGAIN
(32:18 / All) TRUMP-OR-OBAMA: so did blue tk lol
(32:25 / All) DerFuhrerDrumpf: Yeah
(32:29 / All) DerFuhrerDrumpf: They went after me for my wealth
(32:32 / All) DerFuhrerDrumpf: they were jealous
(32:36 / All) FallOnYourSword: i thought he was a hillary supporter
(32:57 / Allies) FallOnYourSword: wow man
(32:58 / Allies) FallOnYourSword: wtf
(33:01 / All) DerFuhrerDrumpf: I think blue is still a hillary supporter for tking me
(33:06 / All) DerFuhrerDrumpf: and is just two faced trying to get an advantage over me
(33:15 / Allies) FallOnYourSword: rofl
(33:19 / All) DerFuhrerDrumpf: he's trying to play me for sympathy
(33:20 / All) FallOnYourSword: trump for life
(33:25 / All) DerFuhrerDrumpf: but he's a hillary supporter and always will be
(33:29 / All) TRUMP-OR-OBAMA: trump better win florida
(33:49 / All) DerFuhrerDrumpf: Hillary wants to win it cuz of the hurricane
(33:59 / All) DerFuhrerDrumpf: she can have more dead people voting for her than ever
(34:13 / Allies) FallOnYourSword: omfg
(34:20 / All) FallOnYourSword: kill this fucking feminist
(34:25 / All) FallOnYourSword: fucken blood rag
(34:33 / All) DerFuhrerDrumpf: Hillary even said in the debate they have all kinds of people voting for her
(34:33 / All) TRUMP-OR-OBAMA: lawl
(34:36 / All) DerFuhrerDrumpf: even the dead vote Hillary
(34:39 / All) FallOnYourSword: this fucking mangina whore
(34:43 / Allies) FallOnYourSword: |
(34:49 / All) FallOnYourSword: hes trying to expo bottom right
(34:57 / All) DerFuhrerDrumpf: Wow blue, regretting attacking a Drumpf supporter earlier?
(34:58 / All) FallOnYourSword: he has 66 food
(35:03 / All) FallOnYourSword: 736 gold
(35:09 / All) FallOnYourSword: 973 wood
(35:09 / All) DerFuhrerDrumpf: you seem a bit salty blue
(35:37 / All) DerFuhrerDrumpf: do you regret your fail tk earlier blue?
(35:47 / All) FallOnYourSword: hes speed building bottom expo now
(35:49 / All) DerFuhrerDrumpf: If you write a formal apology to me I may be tempted to give you the win
(35:55 / All) FallOnYourSword: few griffs and a dragon
(35:59 / All) FallOnYourSword: choke his gold
(36:04 / All) FallOnYourSword: and take over map
(36:07 / All) FallOnYourSword: then just over run him
(36:17 / All) FallOnYourSword: hes maphacking too
(36:19 / All) FallOnYourSword: for the record
(36:28 / All) DerFuhrerDrumpf: Nah
(36:31 / All) FallOnYourSword: he needs that type of corruption
(36:37 / All) DerFuhrerDrumpf: No corruption
(36:42 / All) FallOnYourSword: lilke the feminist hillary supporter he is
(36:49 / All) DerFuhrerDrumpf: I supported Trump from the start
(36:59 / All) DerFuhrerDrumpf: you flipped position once I stop your tk!
(37:10 / All) FallOnYourSword: hide behind his ivory towers like hillary
(37:18 / All) DerFuhrerDrumpf: These are guard towers
(37:25 / All) DerFuhrerDrumpf: I upgraded them from scout towers, never any ivory involved
(37:49 / All) FallOnYourSword: when her people needed oj
(37:53 / All) FallOnYourSword: he turned his back
(37:57 / All) FallOnYourSword: just like hillary
(38:10 / All) FallOnYourSword: smite this filth
(38:22 / All) DerFuhrerDrumpf: mad blue?
(38:24 / All) DerFuhrerDrumpf: you seem a bit ticked off
(38:31 / All) FallOnYourSword: FREEDOM!!!!1
(38:41 / All) FallOnYourSword: in the words of william wallace
(38:49 / All) FallOnYourSword: not that feminist know shit about him
(38:57 / All) DerFuhrerDrumpf: I think you're a feminist
(39:06 / All) DerFuhrerDrumpf: you get so pissed off over nothing
(39:09 / All) FallOnYourSword: spoken like a true mangina
(39:21 / All) DerFuhrerDrumpf: I think only a mangina gets this pissed off at war3
(39:43 / All) TRUMP-OR-OBAMA: lag
(40:05 / All) FallOnYourSword: you write essays about microagressions and cis gender white males then blow your asshole out with a dildo while you choke
(40:09 / Allies) FallOnYourSword: yourself with a sock
(40:58 / All) TRUMP-OR-OBAMA: sorry teal purple
(41:23 / All) FallOnYourSword: omfg red is a hillary supporter
(41:29 / All) DerFuhrerDrumpf: sometimes you gotta work like your enemies
(41:36 / All) DerFuhrerDrumpf: when they're so rotten you have to play how they do
(41:40 / All) TRUMP-OR-OBAMA: fuck
(41:43 / All) TRUMP-OR-OBAMA: wrong team
(41:57 / All) FallOnYourSword: klill this white knight mangina
(42:07 / All) TRUMP-OR-OBAMA: lol
(42:13 / All) TRUMP-OR-OBAMA: purple said i pulled some scumbag shit
(42:24 / All) chucktown: real scumbag shit
(42:30 / All) TRUMP-OR-OBAMA: i like purple and teal but........
(42:32 / All) TRUMP-OR-OBAMA: they should have talked
(42:33 / All) DerFuhrerDrumpf: My team was all backstabbers
(42:35 / All) TRUMP-OR-OBAMA: they didnt talk
(42:36 / All) DerFuhrerDrumpf: don't complain
(42:50 / All) DerFuhrerDrumpf: I had to deal with my whole team tking me
(42:51 / All) FallOnYourSword: spoke like a true hillary supporter
(43:05 / All) FallOnYourSword: remind you of womens opression
(43:17 / All) DerFuhrerDrumpf: I oppressed you like a woman
(43:33 / All) FallOnYourSword: id grab you by the pussy
(43:38 / All) TRUMP-OR-OBAMA: nothing personal purple
(43:41 / All) TRUMP-OR-OBAMA: oj is my friend
(43:46 / All) TRUMP-OR-OBAMA: i told him i didnt want to attack u
(43:48 / All) FallOnYourSword: yep\
(43:48 / All) TRUMP-OR-OBAMA: But he said do it
(43:57 / All) FallOnYourSword: the dirty politics of washington
(44:18 / All) FallOnYourSword: this is exaxtly why hillary is going to win the election
(44:20 / All) DerFuhrerDrumpf: Blue's zingers are like Hillary's
(44:28 / All) DerFuhrerDrumpf: no wit about him
(44:33 / All) FallOnYourSword: rofl
(44:36 / All) TRUMP-OR-OBAMA: kill my base plz purp
(44:38 / All) FallOnYourSword: your getting served
(44:40 / All) FallOnYourSword: son
(44:54 / All) DerFuhrerDrumpf: You have nothing, I have units and a base
(45:02 / All) DerFuhrerDrumpf: I think you got served
(45:30 / All) TRUMP-OR-OBAMA: rejoice though
(45:32 / All) TRUMP-OR-OBAMA: blue purple and teal
(45:38 / All) TRUMP-OR-OBAMA: u all have a chance at victory
(45:45 / All) DerFuhrerDrumpf: We're going to give you all equal chances of winning
(45:48 / All) TRUMP-OR-OBAMA: me and orange shall kill ALL units and leave the game
(46:20 / All) TRUMP-OR-OBAMA: i feel really bad about this game cuz i liked them
(46:21 / All) TRUMP-OR-OBAMA: a lot
(46:25 / All) TRUMP-OR-OBAMA: teal was cool and so was purp
(46:32 / All) DerFuhrerDrumpf: They still have a shot at winning
(46:47 / All) chucktown: we did
(46:48 / All) DerFuhrerDrumpf: you gave them the greatest gift they could get, of being put in a standoff by us
(46:56 / All) chucktown: red just shat the bed
(47:02 / All) TRUMP-OR-OBAMA: lol
(47:04 / All) TRUMP-OR-OBAMA: i did
(47:07 / All) TRUMP-OR-OBAMA: green raped me
(47:09 / All) TRUMP-OR-OBAMA: with that dragon
(47:27 / All) TRUMP-OR-OBAMA: yelllow being a wyrmbot + maphack didnt help
(48:35 / All) TRUMP-OR-OBAMA: can i leave them with one wyvern
(48:38 / All) TRUMP-OR-OBAMA: to fight ur towers
(48:42 / All) DerFuhrerDrumpf: no
(48:44 / All) DerFuhrerDrumpf: I only have 3 towers
(48:47 / All) DerFuhrerDrumpf: it's a standoff, everything dies
(48:49 / All) DerFuhrerDrumpf: them's the rules
(48:56 / All) TRUMP-OR-OBAMA: well now that settles that
(49:15 / All) TRUMP-OR-OBAMA: make zepplin
(49:22 / All) TRUMP-OR-OBAMA: cant keep them having nothing to use
(49:23 / All) DerFuhrerDrumpf: They got that plus a couple critters
(49:41 / All) TRUMP-OR-OBAMA: hoping blue gets owned by them
(49:46 / All) TRUMP-OR-OBAMA: hes a hilary goof
(50:21 / All) TRUMP-OR-OBAMA: had pinks wyvern in my control group
(50:25 / All) DerFuhrerDrumpf: Good luck
(50:28 / All) DerFuhrerDrumpf: don't have fun
(51:08 / All) TRUMP-OR-OBAMA: over
(51:10 / All) TRUMP-OR-OBAMA: wtf
(51:13 / All) DerFuhrerDrumpf: Teal vs blue